IL
ROUND ROCK EXPRESS @ FRESNO GRIZZLIES
09/08/2049
 
TOP OF THE 1ST
Round Rock Express batting - Pitching for Fresno Grizzlies : RHP Tommy Cunningham
Pitching: RHP Tommy Cunningham
Batting: RHB Doug Hammertime 0-0: Called Strike
0-1: Ball
1-1: Hit by Pitch
Batting: RHB Jonathan Rangel 0-0: Called Strike
0-1: Ball
1-1: SINGLE (Groundball, 56D, EV 106.9 MPH)
Doug Hammertime to second
Batting: LHB Cooper Broomhall 0-0: Called Strike
0-1: Ball
1-1: Ball
2-1: Ball
3-1: Called Strike
3-2: Foul Ball, location: 2F
3-2: Foul Ball, location: 2F
3-2: SINGLE (Groundball, 3D, EV 105.6 MPH)
Doug Hammertime to third
Jonathan Rangel to second
Runner from 3rd tries for Home, SAFE, throw by RF to home
Batting: RHB Noah Stanley 0-0: Swinging Strike
0-1: Foul Ball, location: 2F
0-2: Fielders Choice at 2nd, 5-4 (Groundball, 56S, EV 94.4 MPH)
Jonathan Rangel to third
Batting: SHB Javy Rosa 0-0: Ball
1-0: Ball
2-0: Foul Ball, location: 2F
2-1: Fly out, F9 (Flyball, 89S, EV 85.0 MPH)
Batting: RHB Ernie Weathersbee 0-0: Ball
1-0: Ball
2-0: Called Strike
2-1: Ground out 5-3 (Groundball, 5S, EV 70.0 MPH)
Top of the 1st over - 1 run, 2 hits, 0 errors, 2 left on base; Round Rock 1 - Fresno 0
BOTTOM OF THE 1ST
Fresno Grizzlies batting - Pitching for Round Rock Express : RHP Gavin Nelson
Pitching: RHP Gavin Nelson
Batting: RHB Chris Trites 0-0: Called Strike
0-1: Foul Ball, location: 2F
0-2: Ball
1-2: Strikes out swinging
Batting: RHB Jesse Scott 0-0: Called Strike
0-1: Ball
1-1: Ball
2-1: Foul Ball, location: 2F
2-2: Strikes out swinging
Batting: RHB Bruce Bermudez 0-0: Ball
1-0: Called Strike
1-1: Fly out, F7 (Flyball, 78S, EV 76.2 MPH)
Bottom of the 1st over - 0 runs, 0 hits, 0 errors, 0 left on base; Round Rock 1 - Fresno 0
TOP OF THE 2ND
Round Rock Express batting - Pitching for Fresno Grizzlies : RHP Tommy Cunningham
Batting: RHB Ivan Colon 0-0: Ball
1-0: Called Strike
1-1: Called Strike
1-2: Foul Ball, location: 2F
1-2: Foul Ball, location: 2F
1-2: Strikes out swinging
Batting: RHB Jarrod Joyce 0-0: Ball
1-0: Called Strike
1-1: Ball
2-1: Ball
3-1: Foul Ball, location: 2F
3-2: Foul Ball, location: 2F
3-2: Foul Ball, location: 2F
3-2: Base on Balls
Batting: RHB Jeremy Boerman 0-0: Called Strike
0-1: Ball
1-1: Foul Ball, location: 2F
1-2: Ball
2-2: Strikes out swinging
Batting: RHB Doug Hammertime 0-0: Foul Ball, location: 2F
0-1: Foul Ball, location: 2F
0-2: Ball
1-2: Ball
2-2: Foul Ball, location: 2F
2-2: Foul Ball, location: 2F
2-2: Ball
3-2: Foul Ball, location: 2F
3-2: Foul Ball, location: 2F
3-2: SINGLE (Line Drive, 4D, EV 96.2 MPH)
Jarrod Joyce to second
Jarrod Joyce to third
Batting: RHB Jonathan Rangel 0-0: Ball
1-0: Foul Ball, location: 2F
1-1: Hit by Pitch
Doug Hammertime to second
Batting: LHB Cooper Broomhall 0-0: Ball
1-0: Fly out, F7 (Flyball, 78D, EV 86.9 MPH)
Top of the 2nd over - 0 runs, 1 hit, 0 errors, 3 left on base; Round Rock 1 - Fresno 0
BOTTOM OF THE 2ND
Fresno Grizzlies batting - Pitching for Round Rock Express : RHP Gavin Nelson
Batting: LHB Josh Birkner 0-0: Ground out 4-3 (Groundball, 34, EV 80.6 MPH)
Batting: RHB Etsuro Hosokawa 0-0: Called Strike
0-1: SINGLE (Groundball, 6D, EV 102.5 MPH)
Batting: LHB Chris Cabrera 0-0: Called Strike
0-1: Foul Ball, location: 2F
0-2: Foul Ball, location: 2F
0-2: Ball
1-2: Strikes out looking
Batting: RHB Sam Spohn 0-0: Ball
1-0: Ground out 4-3 (Groundball, 34, EV 82.5 MPH)
Bottom of the 2nd over - 0 runs, 1 hit, 0 errors, 1 left on base; Round Rock 1 - Fresno 0
TOP OF THE 3RD
Round Rock Express batting - Pitching for Fresno Grizzlies : RHP Tommy Cunningham
Batting: RHB Noah Stanley 0-0: Ball
1-0: Ground out 5-3 (Groundball, 5, EV 80.6 MPH)
Batting: SHB Javy Rosa 0-0: Ball
1-0: Ball
2-0: Ball
3-0: Foul Ball, location: 2F
3-1: Foul Ball, location: 2F
3-2: Foul Ball, location: 2F
3-2: Foul Ball, location: 2F
3-2: Base on Balls
Batting: RHB Ernie Weathersbee 0-0: Called Strike
0-1: Ball
Javy Rosa is caught stealing 2nd base 2-4
1-1: DOUBLE (Line Drive, 78XD, EV 110.0 MPH)
Batting: RHB Ivan Colon 0-0: Called Strike
0-1: Ball
1-1: Called Strike
1-2: Ball
2-2: Ball
3-2: Base on Balls
Batting: RHB Jarrod Joyce 0-0: Ball
1-0: DOUBLE (Groundball, 5L, EV 106.2 MPH)
Ernie Weathersbee scores
Ivan Colon to third
Runner from 3rd tries for Home, SAFE, throw by LF to trailing runner, SAFE at third!
Batting: RHB Jeremy Boerman 0-0: Foul Ball, location: 2F
0-1: Ball
1-1: Ball
2-1: Ball
3-1: Base on Balls
Batting: RHB Doug Hammertime 0-0: Ball
1-0: Swinging Strike
1-1: SINGLE (Line Drive, 34D, EV 96.9 MPH)
Jarrod Joyce scores
Jeremy Boerman to second
Runner from 2nd tries for 3rd, SAFE, throw by RF made to third
Batting: RHB Jonathan Rangel 0-0: Called Strike
0-1: Ball
1-1: Ball
2-1: Called Strike
2-2: Ball
3-2: Base on Balls
Doug Hammertime to second
Pitching: RHP Elroy Meulenkamp
Batting: LHB Cooper Broomhall 0-0: Ball
1-0: SINGLE (Groundball, 6MD, EV 106.9 MPH)
Jeremy Boerman scores
Doug Hammertime to third
Jonathan Rangel to second
Runner from 3rd tries for Home, SAFE, throw by CF to home
Batting: RHB Noah Stanley 0-0: Called Strike
0-1: Swinging Strike
0-2: Strikes out looking
Top of the 3rd over - 5 runs, 4 hits, 0 errors, 2 left on base; Round Rock 6 - Fresno 0
BOTTOM OF THE 3RD
Fresno Grizzlies batting - Pitching for Round Rock Express : RHP Gavin Nelson
Batting: RHB Bryan Peterson 0-0: Ball
1-0: Foul Ball, location: 2F
1-1: SINGLE (Line Drive, 8RS, EV 93.8 MPH)
Batting: RHB Dustin Hartman 0-0: Ball
1-0: Grounds out, U3 (Groundball, 3L, EV 86.9 MPH)
Batting: RHB Chris Trites 0-0: Ball
1-0: Called Strike
1-1: Called Strike
1-2: Foul Ball, location: 2F
1-2: Ball
2-2: Ball
3-2: Foul Ball, location: 2F
3-2: Base on Balls
Batting: RHB Jesse Scott 0-0: Ball
1-0: Ball
2-0: Foul Ball, location: 2F
2-1: Called Strike
2-2: Ball
3-2: Foul Ball, location: 2F
3-2: Foul Ball, location: 2F
3-2: Grounds into double play, 5-4-3 (Groundball, 56S, EV 81.9 MPH)
Bottom of the 3rd over - 0 runs, 1 hit, 0 errors, 1 left on base; Round Rock 6 - Fresno 0
TOP OF THE 4TH
Round Rock Express batting - Pitching for Fresno Grizzlies : RHP Elroy Meulenkamp
Batting: SHB Javy Rosa 0-0: Ball
1-0: Ball
2-0: Swinging Strike
2-1: SINGLE (Groundball, 34S, EV 96.2 MPH)
Batting: RHB Ernie Weathersbee 0-0: Called Strike
0-1: Ball
1-1: Called Strike
1-2: Ball
2-2: Foul Ball, location: 2F
2-2: Fly out, F9 (Flyball, 89S, EV 93.1 MPH)
Batting: RHB Ivan Colon 0-0: Called Strike
0-1: Ball
1-1: Ball
2-1: Swinging Strike
2-2: Grounds into double play, 3-6-1 (Groundball, 23, EV 78.8 MPH)
Top of the 4th over - 0 runs, 1 hit, 0 errors, 0 left on base; Round Rock 6 - Fresno 0
BOTTOM OF THE 4TH
Fresno Grizzlies batting - Pitching for Round Rock Express : RHP Gavin Nelson
Batting: RHB Bruce Bermudez 0-0: Ball
1-0: Ball
2-0: Ball
3-0: Base on Balls
Batting: LHB Josh Birkner 0-0: Ball
1-0: Ball
2-0: Foul Ball, location: 2F
2-1: Called Strike
2-2: Ball
3-2: Base on Balls
Bruce Bermudez to second
Batting: RHB Etsuro Hosokawa 0-0: Called Strike
0-1: Called Strike
0-2: Fly out, F8 (Flyball, 8LXD, EV 94.4 MPH)
Runner from 2nd tags up, SAFE at 3rd, no throw by CF
Batting: LHB Chris Cabrera 0-0: Ball
1-0: Ball
2-0: Called Strike
2-1: Called Strike
2-2: Ball
3-2: Foul Ball, location: 2F
3-2: SINGLE (Groundball, 4D, EV 94.4 MPH)
Bruce Bermudez scores
Josh Birkner to second
Batting: RHB Sam Spohn 0-0: Ball
1-0: Ball
2-0: Foul Ball, location: 2F
2-1: Ball
3-1: Base on Balls
Josh Birkner to third
Chris Cabrera to second
Batting: RHB Bryan Peterson 0-0: Grounds into double play, 6-4-3 (Groundball, 6S, EV 89.4 MPH)
Bottom of the 4th over - 1 run, 1 hit, 0 errors, 2 left on base; Round Rock 6 - Fresno 1
TOP OF THE 5TH
Round Rock Express batting - Pitching for Fresno Grizzlies : RHP Elroy Meulenkamp
Batting: RHB Jarrod Joyce 0-0: Ball
1-0: Ball
2-0: Ball
3-0: Base on Balls
Batting: RHB Jeremy Boerman 0-0: Called Strike
0-1: Called Strike
0-2: Ball
1-2: Ball
2-2: Ground out 3-1 (Groundball, 34, EV 88.1 MPH)
Jarrod Joyce to second
Batting: RHB Doug Hammertime 0-0: Fly out, F3 (Popup, 34, EV 83.1 MPH)
Batting: RHB Jonathan Rangel 0-0: Ball
1-0: Ball
2-0: Foul Ball, location: 2F
2-1: Foul Ball, location: 2F
2-2: Foul Ball, location: 2F
2-2: Ground out 4-3 (Groundball, 4, EV 86.9 MPH)
Top of the 5th over - 0 runs, 0 hits, 0 errors, 1 left on base; Round Rock 6 - Fresno 1
BOTTOM OF THE 5TH
Fresno Grizzlies batting - Pitching for Round Rock Express : RHP Gavin Nelson
Batting: RHB Dustin Hartman 0-0: Ground out 5-3 (Groundball, 5, EV 81.2 MPH)
Batting: RHB Chris Trites 0-0: Ball
1-0: Ball
2-0: Ball
3-0: Fly out, F7 (Line Drive, 7, EV 89.4 MPH)
Batting: RHB Jesse Scott 0-0: Called Strike
0-1: Ball
1-1: SINGLE (Groundball, 5S, EV 68.1 MPH) (infield hit)
Batting: RHB Bruce Bermudez 0-0: Called Strike
0-1: Foul Ball, location: 2F
0-2: Ground out 5-3 (Groundball, 56, EV 92.5 MPH)
Bottom of the 5th over - 0 runs, 1 hit, 0 errors, 1 left on base; Round Rock 6 - Fresno 1
TOP OF THE 6TH
Round Rock Express batting - Pitching for Fresno Grizzlies : RHP Elroy Meulenkamp
Batting: LHB Cooper Broomhall 0-0: Swinging Strike
0-1: Ball
1-1: Called Strike
1-2: Strikes out looking
Batting: RHB Noah Stanley 0-0: Ball
1-0: Ball
2-0: Ball
3-0: Base on Balls
Batting: SHB Javy Rosa 0-0: Ball
Noah Stanley is caught stealing 2nd base 2-6
1-0: Ball
2-0: Called Strike
2-1: Foul Ball, location: 2F
2-2: Ground out 4-3 (Groundball, 4S, EV 63.8 MPH)
Top of the 6th over - 0 runs, 0 hits, 0 errors, 0 left on base; Round Rock 6 - Fresno 1
BOTTOM OF THE 6TH
Fresno Grizzlies batting - Pitching for Round Rock Express : RHP Gavin Nelson
Batting: LHB Josh Birkner 0-0: Called Strike
0-1: Ball
1-1: Ball
2-1: Foul Ball, location: 2F
2-2: Strikes out swinging
Batting: RHB Etsuro Hosokawa 0-0: Ball
1-0: Called Strike
1-1: Called Strike
1-2: Strikes out swinging
Batting: LHB Chris Cabrera 0-0: Swinging Strike
0-1: Ball
1-1: Ground out 6-3 (Groundball, 6, EV 90.6 MPH)
Bottom of the 6th over - 0 runs, 0 hits, 0 errors, 0 left on base; Round Rock 6 - Fresno 1
TOP OF THE 7TH
Round Rock Express batting - Pitching for Fresno Grizzlies : RHP Elroy Meulenkamp
Batting: RHB Ernie Weathersbee 0-0: Fly out, F7 (Flyball, 7LD, EV 95.6 MPH)
Batting: RHB Ivan Colon 0-0: Called Strike
0-1: Ground out 5-3 (Groundball, 56, EV 97.5 MPH)
Batting: RHB Jarrod Joyce 0-0: Called Strike
0-1: Ground out 6-3 (Groundball, 6, EV 86.9 MPH)
Top of the 7th over - 0 runs, 0 hits, 0 errors, 0 left on base; Round Rock 6 - Fresno 1
BOTTOM OF THE 7TH
Fresno Grizzlies batting - Pitching for Round Rock Express : RHP Gavin Nelson
Batting: RHB Sam Spohn 0-0: Foul Ball, location: 2F
0-1: Called Strike
0-2: Strikes out looking
Batting: RHB Bryan Peterson 0-0: Ball
1-0: Ball
2-0: Ground out U3 (Groundball, 13, EV 90.6 MPH)
Batting: RHB Dustin Hartman 0-0: Called Strike
0-1: Ball
1-1: Ground out 4-3 (Groundball, 4M, EV 78.8 MPH)
Bottom of the 7th over - 0 runs, 0 hits, 0 errors, 0 left on base; Round Rock 6 - Fresno 1
TOP OF THE 8TH
Round Rock Express batting - Pitching for Fresno Grizzlies : RHP Elroy Meulenkamp
Batting: RHB Jeremy Boerman 0-0: Foul Ball, location: 2F
0-1: Foul Ball, location: 2F
0-2: Foul Ball, location: 2F
0-2: Ball
1-2: Ground out U3 (Groundball, 3L, EV 84.4 MPH)
Batting: RHB Doug Hammertime 0-0: Ground out 1-3 (Groundball, 34S, EV 65.6 MPH)
Batting: RHB Jonathan Rangel 0-0: Ball
1-0: Foul Ball, location: 2F
1-1: Called Strike
1-2: Foul Ball, location: 2F
1-2: Ball
2-2: SINGLE (Groundball, 6MS, EV 73.1 MPH) (infield hit)
Pitching: RHP Gerardo Huerta
Batting: LHB Cooper Broomhall 0-0: Ball
1-0: Ball
2-0: Ball
3-0: Called Strike
3-1: Base on Balls
Jonathan Rangel to second
Batting: RHB Noah Stanley 0-0: Fly out, F4 (Popup, 23, EV 83.8 MPH)
Top of the 8th over - 0 runs, 1 hit, 0 errors, 2 left on base; Round Rock 6 - Fresno 1
BOTTOM OF THE 8TH
Fresno Grizzlies batting - Pitching for Round Rock Express : RHP Gavin Nelson
Pitching: RHP Jeff Kidd
Batting: RHB Chris Trites 0-0: Called Strike
0-1: Fly out, F7 (Flyball, 7D, EV 92.5 MPH)
Batting: RHB Jesse Scott 0-0: Ball
1-0: Ball
2-0: Foul Ball, location: 2F
2-1: Swinging Strike
2-2: Ball
3-2: SINGLE (Groundball, 5S, EV 61.9 MPH) (infield hit)
Batting: RHB Bruce Bermudez 0-0: Ball
1-0: Ball
2-0: Ball
3-0: Base on Balls
Jesse Scott to second
Batting: LHB Josh Birkner 0-0: Ball
1-0: Called Strike
1-1: Called Strike
1-2: Ball
2-2: Strikes out swinging
Batting: RHB Etsuro Hosokawa 0-0: Ball
1-0: DOUBLE (Line Drive, 7LM, EV 100.0 MPH)
Jesse Scott scores
Bruce Bermudez to third
Runner from 3rd tries for Home, SAFE, no throw by LF
Batting: LHB Chris Cabrera 0-0: Ball
1-0: Called Strike
1-1: Ball
2-1: DOUBLE (Line Drive, 9LM, EV 99.4 MPH)
Etsuro Hosokawa scores
Pitching: LHP Matt Walton
Batting: RHB Sam Spohn 0-0: Ball
1-0: Foul Ball, location: 2F
1-1: Ball
2-1: Fly out, F9 (Flyball, 9D, EV 84.4 MPH)
Bottom of the 8th over - 3 runs, 3 hits, 0 errors, 1 left on base; Round Rock 6 - Fresno 4
TOP OF THE 9TH
Round Rock Express batting - Pitching for Fresno Grizzlies : RHP Gerardo Huerta
Batting: SHB Javy Rosa 0-0: Swinging Strike
0-1: Ball
1-1: Ball
2-1: Ball
3-1: Base on Balls
Batting: RHB Ernie Weathersbee 0-0: Ball
1-0: Ball
Javy Rosa is caught stealing 2nd base 2-4
2-0: Foul Ball, location: 2F
2-1: Foul Ball, location: 2F
2-2: DOUBLE (Line Drive, 78D, EV 110.0 MPH)
Batting: RHB Ivan Colon 0-0: Called Strike
0-1: SINGLE (Groundball, 6D, EV 98.8 MPH)
Ernie Weathersbee to third
Runner from 3rd tries for Home, SAFE, throw by LF to home
Ivan Colon to second
Batting: RHB Jarrod Joyce 0-0: Ball
1-0: Called Strike
1-1: Foul Ball, location: 2F
1-2: Ball
2-2: Foul Ball, location: 2F
2-2: Ball
3-2: Base on Balls
Batting: RHB Jeremy Boerman 0-0: SINGLE (Groundball, 6D, EV 105.0 MPH)
Ivan Colon to third
Jarrod Joyce to second
Runner from 3rd tries for Home, throw by CF and OUT! 8-2
Batting: RHB Doug Hammertime 0-0: Ball
1-0: Ball
2-0: Swinging Strike
2-1: Ball
3-1: Foul Ball, location: 2F
3-2: Strikes out swinging
Top of the 9th over - 1 run, 3 hits, 0 errors, 2 left on base; Round Rock 7 - Fresno 4
BOTTOM OF THE 9TH
Fresno Grizzlies batting - Pitching for Round Rock Express : LHP Matt Walton
Pitching: RHP Danny Romero
Batting: RHB Bryan Peterson 0-0: Swinging Strike
0-1: Ball
1-1: Ground out 5-3 (Groundball, 25, EV 84.4 MPH)
Batting: RHB Dustin Hartman 0-0: Ball
1-0: Called Strike
1-1: DOUBLE (Line Drive, 89D, EV 91.9 MPH)
Batting: RHB Chris Trites 0-0: Ball
1-0: Called Strike
1-1: Ground out U3 (Groundball, 34S, EV 91.2 MPH)
Dustin Hartman to third
Batting: RHB Jesse Scott 0-0: Ball
1-0: Ball
2-0: Called Strike
2-1: Foul Ball, location: 2F
2-2: Ball
3-2: Fly out, F7 (Flyball, 78D, EV 94.4 MPH)
Bottom of the 9th over - 0 runs, 1 hit, 0 errors, 1 left on base; Round Rock 7 - Fresno 4
Sunday, July 16th , 2023 - OOTP Baseball 24.6 Build 69